 Dungeon Crawl Stone Soup version 0.26.1-11-gd32895ea62 (webtiles) character file.

Game seed: 14419870688710395928

64444 DildoBatman the Geomancer (level 15, -2/138 HPs)
             Began as a Formicid Conjurer on June 20, 2021.
             Was an Initiate of Gozag.
             Slain by an eight-headed hydra (11 damage)
             ... on level 1 of the Lair of Beasts on June 21, 2021.
             The game lasted 01:42:17 (24471 turns).

DildoBatman the Geomancer (Formicid Conjurer)      Turns: 24471, Time: 01:42:17

Health: -2/138     AC: 13    Str:  9    XL:     15   Next: 54%
Magic:  21/40      EV: 14    Int: 27    God:    Gozag
Gold:   2244       SH: 15    Dex: 14    Spells: 11/34 levels left

rFire    . . .     SeeInvis +   a - +7 trident "Boepte" {freeze, *Slow rC++ rN+ Will+}
rCold    + + +     Faith    .   G - +0 kite shield
rNeg     + + +     Spirit   .   h - +0 swamp dragon scales
rPois    +         Reflect  +   (helmet unavailable)
rElec    +         Harm     .   f - scarf {repulsion}
rCorr    +         Rampage  +   A - +0 pair of gloves
Will     ++...                  P - +0 pair of boots of Enoll {Rampage rCorr Int+7}
Stlth    ++........             y - amulet "Ittevuba" {Reflect rPois rC++ Str-2 Dex+2 SH+5}
HPRegen  0.33/turn              R - +4 ring of slaying
MPRegen  0.27/turn              D - ring "Meraohae" {*Contam rN++ MP+9 Stlth+}

@: gold aura, repel missiles
A: permanent stasis, dig shafts and tunnels, four strong arms, antennae 3,
clumsy 1, high mp 1, robust 2, electricity resistance
a: Dig, Shaft Self, Renounce Religion, Potion Petition, Call Merchant, Bribe
Branch


You were on level 1 of the Lair of Beasts.
You worshipped Gozag.
Gozag was most pleased with you.
You visited 4 branches of the dungeon, and saw 19 of its levels.
You also visited: Gauntlet.

You collected 4716 gold pieces.
You spent 1926 gold pieces at shops.
You paid 546 gold pieces to Gozag.

Inventory:

Hand Weapons
 a - the +7 trident "Boepte" (weapon) {freeze, *Slow rC++ rN+ Will+}
   (You bought it in a shop on level 2 of the Orcish Mines)

   It has been specially enchanted to freeze those struck by it, causing extra
   injury to most foes and up to half again as much damage against particularly
   susceptible opponents.
   It can also slow down cold-blooded creatures.
   It greatly protects you from cold.
   It protects you from negative energy.
   It affects your willpower, your defense against some magical effects.
   It may slow you when you take damage.
 b - the +6 short sword of Loluwas {vorpal, *Noise MP+9 Dex+4}
   (You bought it in a shop on level 2 of the Orcish Mines)

   It inflicts extra damage upon your enemies.
   It affects your dexterity (+4).
   It affects your magic capacity (+9).
   It may make noises in combat.
 c - the +1 arbalest of the Pyrrhic Victory {penet, *Slow +Fly rElec rF+++}
   (You found it in a Gauntlet)

   Ammo fired by it passes through the targets it hits, potentially hitting all
   targets in its path until it reaches maximum range.
   It renders you almost immune to fire.
   It insulates you from electricity.
   It lets you fly.
   It may slow you when you take damage.
 d - the +10 halberd of Brutal Revenge {chaos, rF++ rC+}
   (You bought it in a shop on level 2 of the Orcish Mines)

   Each time it hits an enemy it has a different, random effect.
   It greatly protects you from fire.
   It protects you from cold.
 e - the +3 rapier of Fortitude {venom, rElec rC+}
   (You found it on level 6 of the Lair of Beasts)

   It poisons the flesh of those it strikes.
   It protects you from cold.
   It insulates you from electricity.
Missiles
 r - 20 javelins
 H - 253 sling bullets
 I - 239 arrows
 O - 3 throwing nets
 V - 127 bolts
Armour
 f - a scarf of repulsion (worn)
 h - +0 swamp dragon scales (worn)
 m - a +1 robe of fire resistance
 A - a +0 pair of gloves (worn)
 G - a +0 kite shield (worn)
 P - the +0 pair of boots of Enoll (worn) {Rampage rCorr Int+7}
   (You found it on level 6 of the Lair of Beasts)

   It affects your intelligence (+7).
   It provides partial protection from all sources of acid and corrosion.
   It bestows one free step when moving towards enemies.
 Q - a +1 pair of boots of flying
Jewellery
 o - an uncursed ring of protection from fire
 y - the amulet "Ittevuba" (around neck) {Reflect rPois rC++ Str-2 Dex+2 SH+5}
   (You found it in a Gauntlet)

   [amulet of reflection]

   It shields you and reflects attacks.
   It affects your strength (-2).
   It affects your dexterity (+2).
   It greatly protects you from cold.
   It protects you from poison.
   It affects your SH (+5).
 D - the ring "Meraohae" (right hand) {*Contam rN++ MP+9 Stlth+}
   (You found it on level 4 of the Dungeon)

   [ring of magical power]

   It greatly protects you from negative energy.
   It affects your magic capacity (+9).
   It causes magical contamination when unequipped.
   It makes you more stealthy.
 R - a +4 ring of slaying (left hand)
 U - the ring of Xayt {Will++ Str+6}
   (You found it on level 6 of the Lair of Beasts)

   [ring of strength]

   It affects your strength (+6).
   It affects your willpower, your defense against some magical effects.
Wands
 t - a wand of flame (45)
 T - a wand of iceblast (23)
 Y - a wand of paralysis (15)
Scrolls
 k - a scroll of enchant weapon
 p - 3 scrolls of enchant armour
 q - 3 scrolls of blinking {unknown}
 s - a scroll of summoning {unknown}
 u - 7 scrolls of amnesia
 x - 4 scrolls of remove curse
 z - a scroll of identify
 B - 2 scrolls of immolation
 C - 5 scrolls of magic mapping
 J - 2 scrolls of random uselessness {unknown}
 L - 2 scrolls of silence {unknown}
 M - 2 scrolls of fog {unknown}
 W - 2 scrolls of vulnerability {unknown}
 X - a scroll of fear {unknown}
Potions
 i - 3 potions of brilliance
 j - a potion of magic {unknown}
 l - a potion of lignification {unknown}
 E - a potion of cancellation
 F - 3 potions of curing
 K - a potion of might {unknown}
 N - a potion of ambrosia {unknown}
 Z - 3 potions of heal wounds
Miscellaneous
 g - a phial of floods
 n - a lightning rod (4/4)
 S - a tin of tremorstones (2/2)


   Skills:
 - Level 10.0 Fighting
 - Level 10.0 Armour
 - Level 7.0 Dodging
 - Level 2.4 Stealth
 * Level 9.2 Shields
 - Level 10.0 Spellcasting
 - Level 6.0 Conjurations
 - Level 12.0 Necromancy
 - Level 5.0 Fire Magic
 - Level 4.0 Air Magic
 * Level 12.1 Earth Magic
 - Level 4.0 Poison Magic


You had 11 spell levels left.
You knew the following spells:

 Your Spells              Type           Power        Failure   Level
a - Borgnjor's Vile Clut  Necr/Erth      34%          1%          5
b - Conjure Flame         Conj/Fire      43%          3%          3
c - Magic Dart            Conj           100%         1%          1
d - Vampiric Draining     Necr           33%          1%          3
e - Mephitic Cloud        Conj/Pois/Air  38%          4%          3
f - Searing Ray           Conj           90%          1%          2
h - Dispel Undead         Necr           67%          1%          4
z - Sublimation of Blood  Necr           33%          1%          2

Your spell library contained the following spells:

 Spells                   Type           Power        Failure   Level
 Animate Skeleton         Necr           100%         1%          1
 Pain                     Necr           100%         1%          1
 Shock                    Conj/Air       100%         1%          1
 Animate Dead             Necr           33%          1%          4
 Agony                    Necr           67%          1%          5
 Excruciating Wounds      Necr           33%          1%          5
 Static Discharge         Conj/Air       40%          3%          3
 Sting                    Tmut/Pois      96%          4%          1
 Petrify                  Tmut/Erth      46%          8%          4
 Dazzling Flash           Conj/Hex       58%          9%          3
 Ignite Poison            Fire/Tmut/Pois 29%          9%          3
 Beastly Appendage        Tmut           26%          10%         1
 Corona                   Hex            14%          10%         1
 Death Channel            Necr           33%          11%         6
 Spider Form              Tmut/Pois      12%          13%         3
 Call Imp                 Summ           13%          14%         2
 Ensorcelled Hibernation  Hex/Ice        26%          14%         2
 Slow                     Hex            13%          14%         2
 Wereblood                Tmut           13%          14%         2
 Airstrike                Air            17%          19%         4
 Confusing Touch          Hex            13%          28%         3
 Gell's Gravitas          Tloc           6%           28%         3
 Lesser Beckoning         Tloc           6%           28%         3
 Teleport Other           Tloc           13%          28%         3
 Tukima's Dance           Hex            13%          28%         3
 Fulminant Prism          Conj/Hex       14%          28%         4
 Iskenderun's Mystic Bla  Conj/Tloc      29%          28%         4
 Lightning Bolt           Conj/Air       20%          34%         5
 Irradiate                Conj/Tmut      14%          61%         5
 Ice Form                 Ice/Tmut       13%          67%         4
 Alistair's Intoxication  Tmut/Pois      16%          75%         5
 Simulacrum               Ice/Necr       22%          77%         6
 Blade Hands              Tmut           6%           95%         5
 Borgnjor's Revivificati  Necr           33%          99%         8
 Infestation              Necr           33%          99%         8
 Dispersal                Tloc           6%           100%        6
 Eringya's Noxious Bog    Tmut/Pois      12%          100%        6
 Haunt                    Necr/Summ      22%          100%        7
 Necromutation            Tmut/Necr      22%          100%        8
 Death's Door             Necr           33%          100%        9
 Swiftness                Air            Unusable     N/A         2
 Blink                    Tloc           Unusable     N/A         2

Dungeon Overview and Level Annotations

Branches:
Dungeon (10/15)            Temple (1/1) D:4            Lair (6/6) D:9
  Swamp (0/4) Lair:3        Snake (0/4) Lair:4        Slime (0/5) Lair:6
    Orc (2/2) D:9             Elf (0/3) Orc:2       Gauntlet (visited)

Altars:
Ashenzari
Cheibriados
Dithmenos
Elyvilon
Fedhas
Gozag
Hepliaklqana
Kikubaaqudgha
Makhleb
Nemelex Xobeh
Okawaru
Qazlal
Ru
Sif Muna
Trog
Uskayaw
Vehumet
Wu Jian
Xom
Yredelemnul
Zin
The Shining One
Beogh
Jiyva

Shops:
D:5 :   D:8 (   D:10 *   Orc:2 ([}*

Annotations:
D:8 exclusion: orc warlord
D:9 1 exclusion
Lair:1 exclusion: oklob plant
Orc:2 exclusion: dancing weapon


Innate Abilities, Weirdness & Mutations

You cannot be hasted, slowed, berserked, paralysed or teleported.
You can dig through walls and to a lower floor.
Your four strong arms can wield two-handed weapons with a shield.
You have a pair of large antennae on your head. (SInv)
You are clumsy. (Dex -2)
You have an increased reservoir of magic. (+10% MP)
You are very robust. (+20% HP)
You are resistant to electric shocks. (rElec)


Message History

Zombie hands grab the eight-headed hydra.
The zombie hands constrict the eight-headed hydra!
The eight-headed hydra bites you.
The eight-headed hydra closely misses you.
You block the eight-headed hydra's attack. x2
The eight-headed hydra bites you!
The eight-headed hydra closely misses you.
The eight-headed hydra bites you!
The eight-headed hydra bites you but does no damage.
The zombie hands constrict the eight-headed hydra!
The eight-headed hydra escapes!
The eight-headed hydra misses you.
The eight-headed hydra bites you but does no damage.
You block the eight-headed hydra's attack.
The eight-headed hydra bites you but does no damage.
The eight-headed hydra bites you! The eight-headed hydra bites you.
The eight-headed hydra bites you!
You die...
Your body crumbles into a pile of gold.

##............P##.#.##........#.#
##..#########...######....#......
##.##©......##......##...........
##.#8.......8#......##...).......
##.#.........#.......#...........
#..#........)#......#.....#......
..©#....©...?#©.+#.##......##..#.
...#........$#...###.#.........).
...#........$#..@...............∩
...#8.......8#.D.................
...##.......##...................
#...#########....................
#..........$..#.#####............
...........###### ##...#..####..
#...........########P...######...
......#...D+......+.+...##.......
#..........##.......[............


You could see an eight-headed hydra.

Vanquished Creatures
  Gastronok (Lair:2)
  6 dire elephants (Lair:6)
  A minotaur (Gauntlet)
  The ghost of Zomocvol the Severer, a journeyman HOBe of Trog (Lair:1)
  10 hydras
  2 boulder beetles
  A catoblepas (Gauntlet)
  The ghost of Tolecsob the Unseen, a journeyman FoAr of Hepliaklqana (Lair:2)
  An anaconda (Lair:6)
  5 death yaks (Lair:5)
  A spectral hydra (Lair:2)
  5 orc knights
  Pikel (D:7)
  An orc sorcerer (Orc:2)
  2 oklob plants (Lair:3)
  10 elephants
  A molten gargoyle (Gauntlet)
  5 black mambas
  A torpor snail (Lair:5)
  4 cane toads
  2 gargoyles (Gauntlet)
  Maggie (D:8)
  Psyche (D:8)
  6 rime drakes
  11 komodo dragons
  A catoblepas skeleton (Lair:3)
  4 trolls
  2 polar bears
  4 hydra zombies
  A hornet (D:9)
  3 hydra skeletons
  A tyrant leech (Lair:3)
  4 blink frogs (Lair:4)
  7 dream sheep (Lair:6)
  3 black mamba zombies (Lair:2)
  42 yaks
  2 wraiths (D:10)
  18 wyverns
  2 spriggans (Lair:2)
  A black mamba skeleton (Lair:2)
  6 basilisks
  A steam dragon (D:9)
  3 nagas (Lair:4)
  16 water moccasins
  2 swamp worms (Lair:3)
  3 cane toad zombies
  3 cane toad skeletons (Lair:2)
  3 orc zombies (Orc:2)
  2 ice beasts
  28 orc warriors
  5 black bears
  A dream sheep zombie (Lair:2)
  A blink frog zombie (Lair:1)
  A necrophage (D:8)
  5 phantoms
  4 sky beasts
  12 ogres
  9 wolves
  2 blink frog skeletons
  7 centaurs
  2 big kobolds
  2 lemures (D:7)
  3 komodo dragon zombies
  A cyclops zombie (Gauntlet)
  Blork the orc (D:6)
  14 bullfrogs
  2 wyvern zombies
  2 gnoll sergeants
  3 water moccasin zombies
  4 komodo dragon skeletons
  3 scorpions
  A troll zombie (Orc:2)
  2 water moccasin skeletons
  4 killer bees (D:9)
  5 wights (D:9)
  A dream sheep simulacrum (Lair:2)
  2 yak skeletons
  6 electric eels (D:10)
  A torpor snail simulacrum (Lair:2)
  3 howler monkeys
  4 bullfrog zombies
  3 jellies
  A komodo dragon simulacrum (Lair:2)
  A basilisk zombie (Lair:3)
  20 orc priests
  A centaur zombie (D:7)
  4 bullfrog skeletons
  2 centaur skeletons
  2 hounds (D:7)
  27 orc wizards
  An iguana (D:6)
  Terence (D:2)
  A black bear skeleton (Lair:2)
  5 worker ants
  4 hell rats (Lair:4)
  A killer bee zombie (D:7)
  2 hound skeletons
  A worker ant zombie (D:3)
  13 gnolls
  16 adders
  A swamp drake zombie (Gauntlet)
  3 white imps
  An ufetubus (D:8)
  An ooze (D:2)
  2 adder skeletons (D:6)
  3 worms
  2 dart slugs
  3 leopard geckos
  133 orcs
  6 bats
  9 giant cockroaches
  5 hobgoblins
  4 jackals
  11 kobolds
  A quokka (D:6)
  A ball python (D:5)
  3 frilled lizards
  8 goblins
  A leopard gecko skeleton (D:6)
  2 quokka zombies
  11 rats
673 creatures vanquished.

Vanquished Creatures (others)
  A jelly (D:6)
  A leopard gecko (D:6)
  A kobold (D:10)
  A leopard gecko zombie (D:6)
  28 fungi
  32 plants
64 creatures vanquished.

Grand Total: 737 creatures vanquished

Notes
Turn   | Place    | Note
-------+----------+-------------------------------------------
     0 | D:1      | DildoBatman the Formicid Conjurer began the quest for the
                  | Orb.
     0 | D:1      | Reached XP level 1. HP: 13/13 MP: 3/3
   203 | D:1      | Reached XP level 2. HP: 19/19 MP: 1/5
   206 | D:1      | Learned a level 2 spell: Searing Ray
   814 | D:1      | Reached XP level 3. HP: 24/24 MP: 3/6
  1323 | D:2      | Found a glowing silver altar of Zin.
  1349 | D:2      | Reached XP level 4. HP: 30/30 MP: 0/7
  1457 | D:2      | Reached skill level 5 in Conjurations
  1482 | D:2      | Found a glowing golden altar of the Shining One.
  1631 | D:2      | Noticed Terence
  1685 | D:2      | Reached XP level 5. HP: 27/35 MP: 4/8
  2366 | D:3      | Reached XP level 6. HP: 34/41 MP: 2/10
  2587 | D:4      | Noticed a phantom
  2683 | D:4      | Found a staircase to the Ecumenical Temple.
  2703 | Temple   | Entered the Ecumenical Temple
  3001 | Temple   | Became a worshipper of Kikubaaqudgha
  3152 | D:2      | Killed a phantom
  3153 | D:2      | Reached XP level 7. HP: 37/46 MP: 1/14
  3211 | D:2      | Killed Terence
  3212 | D:2      | Reached skill level 5 in Spellcasting
  3458 | D:4      | Got a pitted lead ring
  3459 | D:4      | Identified the ring "Meraohae" {*Contam rN++ MP+9 Stlth+}
                  | (You found it on level 4 of the Dungeon)
  3538 | D:4      | Reached * piety under Kikubaaqudgha
  3538 | D:4      | Identified Kikubaaqudgha's Reference Book on Unholy Secrets
                  | (Kikubaaqudgha gifted it to you on level 4 of the Dungeon)
  3538 | D:4      | Received a gift from Kikubaaqudgha
  3539 | D:4      | Reached XP level 8. HP: 36/52 MP: 3/18
  3543 | D:4      | Learned a level 2 spell: Sublimation of Blood
  3547 | D:4      | Learned a level 3 spell: Vampiric Draining
  3675 | D:4      | Found a shadowy altar of Dithmenos.
  3692 | D:4      | Reached skill level 1 in Armour
  3738 | D:4      | Reached skill level 1 in Fighting
  4017 | D:5      | Entered Level 5 of the Dungeon
  4210 | D:5      | Reached skill level 1 in Necromancy
  4217 | D:5      | Found Kofuyludd's Book Boutique.
  4328 | D:5      | Found a stormy altar of Qazlal.
  4403 | D:5      | Found a stormy altar of Qazlal.
  4434 | D:5      | Found a sacrificial altar of Ru.
  4460 | D:5      | Found a basalt altar of Yredelemnul.
  4646 | D:6      | Found a hazy altar of Hepliaklqana.
  4668 | D:6      | Reached ** piety under Kikubaaqudgha
  4814 | D:6      | Reached skill level 5 in Necromancy
  4814 | D:6      | Reached XP level 9. HP: 61/61 MP: 19/19
  5144 | D:6      | Found a shimmering altar of Xom.
  5153 | D:6      | Reached skill level 1 in Shields
  5628 | D:6      | Noticed Blork the orc
  5633 | D:6      | Killed Blork the orc
  5819 | D:7      | Noticed Pikel
  5860 | D:7      | Killed Pikel
  5944 | D:7      | Reached XP level 10. HP: 66/67 MP: 20/20
  6102 | D:7      | Reached *** piety under Kikubaaqudgha
  6102 | D:7      | Identified Kikubaaqudgha's Almanac of Black Arts
                  | (Kikubaaqudgha gifted it to you on level 7 of the Dungeon)
  6102 | D:7      | Received a gift from Kikubaaqudgha
  6308 | D:7      | Learned a level 4 spell: Dispel Undead
  6506 | D:7      | Gained mutation: You are partially covered in thin metallic
                  | scales. (AC +2) [potion of mutation]
  6506 | D:7      | Gained mutation: Your body sometimes deteriorates upon
                  | taking damage. [potion of mutation]
  6506 | D:7      | Gained mutation: You are mostly covered in thin metallic
                  | scales. (AC +3) [potion of mutation]
  6507 | D:7      | Lost mutation: Your body sometimes deteriorates upon taking
                  | damage. [potion of mutation]
  6507 | D:7      | Lost mutation: You are mostly covered in thin metallic
                  | scales. (AC +3) [potion of mutation]
  6507 | D:7      | Gained mutation: Your spells are a little easier to cast,
                  | but a little less powerful. [potion of mutation]
  6507 | D:7      | Gained mutation: Potions are less effective at restoring
                  | your health. [potion of mutation]
  6507 | D:7      | Gained mutation: Your flesh is heat resistant. (rF+)
                  | [potion of mutation]
  6508 | D:7      | Lost mutation: You are partially covered in thin metallic
                  | scales. (AC +2) [potion of mutation]
  6508 | D:7      | Lost mutation: Your flesh is heat resistant. (rF+) [potion
                  | of mutation]
  6508 | D:7      | Gained mutation: Your system is resistant to poisons.
                  | (rPois) [potion of mutation]
  6508 | D:7      | Gained mutation: You are robust. (+10% HP) [potion of
                  | mutation]
  6508 | D:7      | Gained mutation: You are strong-willed. (Will+) [potion of
                  | mutation]
  6531 | D:8      | Noticed Maggie
  6550 | D:8      | Killed Maggie
  6599 | D:8      | Found Uvulore's Weapon Shop.
  6647 | D:8      | Identified the Papyrus of Venomous Dislocation
  6719 | D:8      | Noticed Psyche
  6728 | D:8      | Killed Psyche
  7527 | D:9      | Reached skill level 5 in Fighting
  7577 | D:9      | Reached skill level 5 in Armour
  7605 | D:9      | Reached **** piety under Kikubaaqudgha
  7664 | D:9      | Found a staircase to the Orcish Mines.
  7986 | D:9      | Learned a level 3 spell: Conjure Flame
  7990 | D:9      | Learned a level 3 spell: Mephitic Cloud
  8123 | D:9      | Found a staircase to the Lair.
  8136 | D:9      | Reached skill level 1 in Poison Magic
  8152 | D:9      | Reached skill level 1 in Fire Magic
  8188 | D:9      | Reached skill level 1 in Air Magic
  8188 | D:9      | Reached XP level 11. HP: 59/88 MP: 17/21
  8363 | D:10     | Entered Level 10 of the Dungeon
  8831 | D:10     | Lost mutation: Your system is resistant to poisons. (rPois)
                  | [potion of mutation]
  8831 | D:10     | Lost mutation: You are strong-willed. (Will+) [potion of
                  | mutation]
  8831 | D:10     | Lost mutation: Potions are less effective at restoring your
                  | health. [potion of mutation]
  8831 | D:10     | Lost mutation: Your spells are a little easier to cast, but
                  | a little less powerful. [potion of mutation]
  8831 | D:10     | Gained mutation: You are clumsy. (Dex -2) [potion of
                  | mutation]
  8831 | D:10     | Gained mutation: You are very robust. (+20% HP) [potion of
                  | mutation]
  8831 | D:10     | Gained mutation: You have an increased reservoir of magic.
                  | (+10% MP) [potion of mutation]
  8831 | D:10     | Gained mutation: You are resistant to electric shocks.
                  | (rElec) [potion of mutation]
  8897 | D:10     | Found Leybovoa's General Store.
  9110 | D:10     | Noticed a boulder beetle
  9221 | D:10     | Reached ***** piety under Kikubaaqudgha
  9531 | D:10     | Killed a boulder beetle
  9638 | Orc:1    | Entered Level 1 of the Orcish Mines
  9688 | Orc:1    | Noticed an orc knight
  9710 | Orc:1    | Killed an orc knight
  9711 | Orc:1    | Reached skill level 5 in Fire Magic
 10495 | Orc:2    | Entered Level 2 of the Orcish Mines
 10508 | Orc:2    | Noticed an orc knight
 10541 | Orc:1    | Killed an orc knight
 10740 | Orc:2    | Reached skill level 5 in Dodging
 10767 | Orc:2    | Noticed an orc knight
 10807 | Orc:2    | Killed an orc knight
 10808 | Orc:2    | Reached XP level 12. HP: 79/105 MP: 10/26
 10825 | Orc:2    | Found a roughly hewn altar of Beogh.
 10848 | Orc:2    | Found a staircase to the Elven Halls.
 11103 | Orc:2    | Found a roughly hewn altar of Beogh.
 11444 | Orc:2    | Found a roughly hewn altar of Beogh.
 11452 | Orc:2    | Found Fiapoar's Assorted Antiques.
 11468 | Orc:2    | Bought a ruby potion for 26 gold pieces
 11468 | Orc:2    | Bought 3 scrolls labelled IBRUQ BOTZ for 87 gold pieces
 11468 | Orc:2    | Bought a scroll labelled BIJ CUSKIS UHA for 29 gold pieces
 11468 | Orc:2    | Bought a scroll of identify for 58 gold pieces
 11516 | Orc:2    | Found a roughly hewn altar of Beogh.
 11644 | Orc:2    | Found a roughly hewn altar of Beogh.
 11924 | Orc:2    | Reached ****** piety under Kikubaaqudgha
 11928 | Orc:2    | Received a gift from Kikubaaqudgha
 11953 | D:9      | Fell from the grace of Kikubaaqudgha
 12132 | Temple   | Became a worshipper of Gozag Ym Sagoz the Greedy
 12351 | Orc:2    | Found a roughly hewn altar of Beogh.
 12357 | Orc:2    | Noticed a +5 double sword
 12520 | Orc:2    | Noticed an orc warlord
 12522 | Orc:2    | Reached skill level 5 in Shields
 13221 | Orc:2    | Found Vung's Antique Armour Shoppe.
 13348 | Orc:2    | Found a roughly hewn altar of Beogh.
 13349 | Orc:2    | Found Pokkux's Antique Weapon Emporium.
 13538 | Orc:2    | Found Vieqer's Gadget Shop.
 13682 | Orc:2    | Bought a crude trident for 272 gold pieces
 13682 | Orc:2    | Bought a glimmering short sword for 256 gold pieces
 13682 | Orc:2    | Bought an iridescent halberd for 288 gold pieces
 13700 | Orc:2    | Identified the +7 trident "Boepte" {freeze, *Slow rC++ rN+
                  | Will+} (You bought it in a shop on level 2 of the Orcish
                  | Mines)
 13701 | Orc:2    | Identified the +6 short sword of Loluwas {vorpal, *Noise
                  | MP+9 Dex+4} (You bought it in a shop on level 2 of the
                  | Orcish Mines)
 13702 | Orc:2    | Identified the +10 halberd of Brutal Revenge {chaos, rF++
                  | rC+} (You bought it in a shop on level 2 of the Orcish
                  | Mines)
 13795 | Lair:1   | Entered Level 1 of the Lair of Beasts
 13798 | Lair:1   | Found a gate leading to a gauntlet.
 13975 | Gauntlet | Entered a Gauntlet
 13975 | Gauntlet | Found a transporter.
 13975 | Gauntlet | Found a transporter.
 13975 | Gauntlet | Noticed a dire elephant
 13975 | Gauntlet | Noticed a catoblepas
 13976 | Gauntlet | Found a transporter.
 13979 | Gauntlet | Found a transporter.
 13979 | Gauntlet | Found a transporter.
 13990 | Gauntlet | Found a transporter.
 13991 | Gauntlet | Found a transporter.
 14008 | Gauntlet | Found a transporter.
 14011 | Gauntlet | Noticed a catoblepas
 14030 | Gauntlet | Found a transporter.
 14047 | Gauntlet | Found a transporter.
 14055 | Gauntlet | Found a transporter.
 14125 | Gauntlet | Found a transporter.
 14305 | Gauntlet | Got a glittering tin amulet
 14704 | Gauntlet | Identified the amulet "Ittevuba" {Reflect rPois rC++ Str-2
                  | Dex+2 SH+5} (You found it in a Gauntlet)
 14723 | Gauntlet | Killed a catoblepas
 14783 | Gauntlet | Noticed a minotaur
 14863 | Gauntlet | Killed a minotaur
 14864 | Gauntlet | Reached XP level 13. HP: 66/116 MP: 11/27
 14965 | Gauntlet | Got a fading arbalest
 15216 | Lair:1   | Identified the cursed +1 arbalest of the Pyrrhic Victory
                  | {penet, *Slow +Fly rElec rF+++} (You found it in a
                  | Gauntlet)
 15359 | Lair:1   | Noticed an eight-headed hydra
 15375 | Lair:1   | Found a transporter.
 15417 | Lair:1   | Found a transporter.
 15417 | Lair:1   | Noticed Zomocvol's ghost (journeyman HOBe)
 16051 | Lair:2   | Noticed Gastronok
 16136 | Lair:2   | Noticed a six-headed hydra
 16143 | Lair:2   | Killed a six-headed hydra
 16179 | Lair:2   | Noticed a seven-headed hydra
 16590 | Lair:2   | Found a runed translucent gate.
 16590 | Lair:2   | Found a runed translucent gate.
 16590 | Lair:2   | Found a runed translucent gate.
 16606 | Lair:2   | Noticed Tolecsob's ghost (journeyman FoAr)
 16742 | Lair:2   | Noticed a four-headed hydra
 16758 | Lair:2   | Killed a four-headed hydra
 17011 | Lair:2   | Killed Gastronok
 17173 | Lair:2   | Killed a seven-headed hydra
 18074 | Lair:3   | Got a fine leather armour
 18114 | Lair:3   | Identified the +1 leather armour "Beppat" {Str+4} (You
                  | found it on level 3 of the Lair of Beasts)
 18399 | Lair:3   | Noticed a five-headed hydra
 18409 | Lair:3   | Killed a five-headed hydra
 18409 | Lair:3   | Noticed a four-headed hydra
 18410 | Lair:3   | Reached skill level 10 in Fighting
 18410 | Lair:3   | Reached skill level 10 in Armour
 18470 | Lair:2   | Killed a four-headed hydra
 18627 | Lair:3   | Was forgiven by Kikubaaqudgha
 18778 | Lair:3   | Found a staircase to the Swamp.
 19445 | D:5      | Bought a book of Unlife for 910 gold pieces
 19451 | D:5      | Learned a level 5 spell: Borgnjor's Vile Clutch
 19629 | Lair:4   | Reached skill level 1 in Earth Magic
 19694 | Lair:4   | Reached XP level 14. HP: 105/132 MP: 29/29
 19864 | Lair:4   | Reached skill level 5 in Earth Magic
 19900 | Lair:4   | Found a staircase to the Snake Pit.
 20737 | Lair:5   | Found a sacrificial altar of Ru.
 20950 | Lair:5   | Reached skill level 10 in Earth Magic
 21114 | Lair:5   | Reached skill level 10 in Spellcasting
 21114 | Lair:5   | Reached skill level 10 in Necromancy
 21709 | Lair:6   | Entered Level 6 of the Lair of Beasts
 21749 | Lair:6   | Reached XP level 15. HP: 128/138 MP: 21/31
 22127 | Lair:6   | Found a viscous altar of Jiyva.
 22150 | Lair:6   | Found a staircase to the Slime Pits.
 23317 | Lair:6   | Got a pair of masterwork boots
 23319 | Lair:6   | Got a flickering turquoise ring
 23349 | Lair:6   | Got a fine rapier
 23390 | Lair:6   | Identified the cursed +3 rapier of Fortitude {venom, rElec
                  | rC+} (You found it on level 6 of the Lair of Beasts)
 23402 | Lair:6   | Identified the +0 pair of boots of Enoll {Rampage rCorr
                  | Int+7} (You found it on level 6 of the Lair of Beasts)
 23403 | Lair:6   | Identified the ring of Xayt {Will++ Str+6} (You found it on
                  | level 6 of the Lair of Beasts)
 24206 | Lair:2   | Killed Tolecsob's ghost
 24466 | Lair:1   | Killed Zomocvol's ghost
 24471 | Lair:1   | Slain by an eight-headed hydra

Illustrated notes

Levels and vault maps discovered:
D:1:      tarquinn_simple_flora_water_b, layout_rooms, serial_co_window_serial,
          co_window_cross_1, co_window_corner_a, co_window_paths_b,
          co_window_paths_a, co_window_paths_b, co_window_unsneaky_path_e,
          co_window_corner_b, co_window_2corner, co_window_broadway_c,
          co_window_paths_d, glass_columns_c, glass_columns_a, glass_columns_a,
          item_on_display_a
D:2:      layout_rooms, lemuel_coloured_pillars_altar, tso_altar, uniq_terence
D:3:      layout_basic
D:4:      layout_gridville, lemuel_crystal_altar,
          minmay_temple_entry_stoned_glass, minmay_starry_boxes
D:5:      layout_loops_ring, minitemple, basic_altar, serial_shops, shop,
          nicolae_qazlal_general_emergency
D:6:      layout_basic, overflow_temple_1_default, xom_confusion_cloud,
          uniq_blork_the_orc
D:7:      layout_basic, uniq_pikel
D:8:      layout_gridville, serial_shops, nicolae_shop_crystal, uniq_maggie,
          uniq_psyche
D:9:      layout_loops_cross, lair_entry_dummy, hiddenorc1_lemuel, minivault_24
D:10:     layout_stronghold, serial_shops, shop_statue, kennysheep_boxes
Temple:   minmay_temple_bridge_d
Lair:1:   layout_regular_city, gammafunk_ghost_arena, gauntlet_entry_generic,
          minmay_lair_oklob_items, chequers_serial_rivers_small_3,
          grunt_megastairs_4, uniq_urug
Lair:2:   layout_gridlike, gammafunk_ghost_necromancy, forest_entry_grove,
          uniq_gastronok
Lair:3:   layout_misc_corridors, palyth_hydra_swamp_entry,
          minmay_lair_oklob_chamber
Lair:4:   layout_cave_pods, guppyfry_snake_entry_garden, special_room
          [special_room_mythical_zoo], chequers_serial_rivers_large_a
Lair:5:   layout_cave_pods, basic_altar, beast_lair_carwin_9
Lair:6:   due_jungle_book, layout_regular_city, slime_altar_1
Orc:1:    layout_caves, nicolae_orc_crystal_geode
Orc:2:    grunt_orc_community_town_hall, layout_caves,
          grunt_orc_community_big_house_2, grunt_orc_community_big_house_2,
          grunt_orc_community_house_1, grunt_orc_community_house_3,
          grunt_orc_community_house_1, grunt_orc_community_house_2,
          grunt_orc_community_house_2, grunt_orc_community_house_2,
          sword_in_stone

Skill      XL: |  1  2  3  4  5  6  7  8  9 10 11 12 13 14 15 |
---------------+----------------------------------------------+-----
Conjurations   | 4 5 6 |  6.0
Spellcasting   | 4 6 7 8 9 10 | 10.0
Armour         | 2 5 6 7 10 | 10.0
Fighting       | 2 5 6 7 10 | 10.0
Necromancy     | 5 8 9 10 12 | 12.0
Shields        | 3 9 |  9.2
Dodging        | 4 5 6 7 |  7.0
Poison Magic   | 2 4 |  4.0
Fire Magic     | 1 5 |  5.0
Air Magic      | 1 4 |  4.0
Earth Magic    | 2 10 12 | 12.1
Stealth        | |  2.4

Action                   |  1- 3 |  4- 6 |  7- 9 | 10-12 | 13-15 || total
-------------------------+-------+-------+-------+-------+-------++-------
Melee: Club              |    18 |    24 |       |       |       ||    42
       Dagger            |       |       |     4 |       |       ||     4
       Whip              |       |       |       |    66 |       ||    66
       Great sword       |       |       |       |   267 |       ||   267
       Trident           |       |       |       |    39 |   640 ||   679
       Short sword       |       |       |       |     9 |       ||     9
       Halberd           |       |       |       |     6 |       ||     6
 Fire: Hunting sling     |       |     8 |   130 |   126 |       ||   264
 Cast: Magic Dart        |    49 |    47 |    12 |     7 |       ||   115
       Searing Ray       |     4 |    14 |    68 |    61 |     2 ||   149
       Vampiric Draining |       |       |       |    71 |    50 ||   121
       Dispel Undead     |       |       |       |     5 |    25 ||    30
       Mephitic Cloud    |       |       |       |    94 |    29 ||   123
       Conjure Flame     |       |       |       |    38 |    75 ||   113
       Borgnjor's Vile C |       |       |       |       |    80 ||    80
       Sublimation of Bl |       |       |       |       |     3 ||     3
Invok: Receive Necronomi |       |       |       |     1 |       ||     1
       Renounce Religion |       |       |       |     1 |       ||     1
 Abil: Dig               |     9 |     7 |     4 |    45 |    48 ||   113
  Use: Scroll            |       |       |       |    11 |    11 ||    22
       Potion            |       |       |       |     8 |     3 ||    11
 Stab: Sleeping          |       |       |     1 |     1 |     5 ||     7
       Confused          |       |       |       |    30 |    21 ||    51
       Distracted        |       |       |       |     2 |     2 ||     4
Armor: Robe              |    11 |    12 |    18 |     1 |       ||    42
       Swamp dragon scal |       |       |       |   127 |   218 ||   345
Dodge: Dodged            |    27 |    38 |    66 |   350 |   301 ||   782
       Repelled          |       |       |     2 |     4 |     1 ||     7
Block: Buckler           |       |       |     5 |   106 |       ||   111
       Kite shield       |       |       |       |    22 |   549 ||   571
       Reflection        |       |       |       |       |     3 ||     3
       Rpst.: Great sword |       |       |       |    49 |       ||    49
